 Dungeon Crawl Stone Soup version 0.17-a0-1651-gae1a69f (webtiles) character file.

448 Eptagon the Conjurer (level 6, -7/32 HPs)
             Began as a Deep Elf Conjurer on Aug 14, 2015.
             Mangled by an ogre
             ... wielding a cursed -2 giant club
              (18 damage)
             ... on level 8 of the Dungeon.
             The game lasted 00:15:34 (4186 turns).

Eptagon the Conjurer (Deep Elf Conjurer)            Turns: 4186, Time: 00:15:34

Health: -7/32      AC:  5    Str:  7    XL:     6   Next: 73%
Magic:  3/17       EV: 13    Int: 20    God:
Gold:   243        SH:  0    Dex: 15    Spells: 4 memorised, 5 levels left

rFire  + . .     SeeInvis .     a - +0 dagger
rCold  . . .     Clarity  .     u - +1 robe {MR+}
rNeg   . . .     SustAt   .     (no shield)
rPois  .         Gourm    .     p - +0 helmet
rElec  .         Spirit   .     (no cloak)
rCorr  .         Warding  .     h - +0 pair of gloves
rMut   .         Stasis   .     (no boots)
MR     +....                    (no amulet)
Stlth  ++........               (no ring)
                                g - ring of protection from fire

@: somewhat resistant to hostile enchantments, unstealthy
A: no striking features
a: no special abilities


You were on level 8 of the Dungeon.
You were very hungry.

You visited 1 branch of the dungeon, and saw 6 of its levels.

You collected 243 gold pieces.

Inventory:

Hand weapons
 a - a +0 dagger (weapon)
Armour
 h - a +0 pair of gloves (worn)
 p - a +0 helmet (worn)
 u - a +1 robe of magic resistance (worn)
Jewellery
 g - a ring of protection from fire (left hand)
Scrolls
 e - a scroll of amnesia {unknown}
 f - 2 scrolls of identify
 j - a scroll of recharging {unknown}
 k - a scroll of teleportation
 o - a scroll of immolation {unknown}
 q - a scroll of fear {unknown}
 r - a scroll of remove curse {unknown}
 s - a scroll of magic mapping {unknown}
 x - a scroll of blinking {unknown}
 y - a scroll of noise {unknown}
Potions
 d - 2 potions of curing
 i - 2 potions of heal wounds
 m - a potion of resistance
 t - a potion of degeneration {unknown}
 v - a potion of magic
 w - a potion of haste {unknown}
 z - a potion of agility {unknown}
Books
 b - a book of Conjurations

   Spells                             Type                      Level
   a - Magic Dart                     Conjuration                  1
   b - Searing Ray                    Conjuration                  2
   c - Dazzling Spray                 Conjuration/Hexes            3
   d - Fulminant Prism                Conjuration/Hexes            4
   e - Iskenderun's Mystic Blast      Conjuration                  4
   f - Iskenderun's Battlesphere      Conjuration/Charms           5
Comestibles
 c - 7 bread rations
 l - a beef jerky
 n - 3 meat rations


   Skills:
 - Level 2.4 Dodging
 - Level 2.4 Stealth
 + Level 6.1 Spellcasting
 * Level 7.7 Conjurations


You had 5 spell levels left.
You knew the following spells:

 Your Spells              Type           Power        Failure   Level  Hunger
a - Magic Dart            Conj           ####         1%          1    None
b - Searing Ray           Conj           #####.       1%          2    None
c - Iskenderun's Mystic   Conj           #####...     6%          4    ####...
d - Iskenderun's Battles  Conj/Chrm      ###.....     71%         5    #####..


Dungeon Overview and Level Annotations

Branches:
Dungeon (8/15)
 Temple: D:4-7         Lair: D:8-11

Altars:
Dithmenos
Elyvilon
Makhleb
Qazlal
Ru
Zin

Annotations:
D:4 clown's ghost, experienced GrBe
D:5 WhatIsLove's ghost, average HOGl


Message History

The searing ray misses the ogre.
You aren't carrying any items that can be evoked.
Read which item? (? for menu, Esc to quit)
Okay, then.
Casting: Searing Ray
Confirm with . or Enter, or press ? or * to list all spells.
Aiming: Magic Dart
Press: ? - help, Shift-Dir - straight line, f/p - ogre
Aim: an ogre, wielding a giant club (severely wounded)
The magic dart hits the ogre.
The ogre is severely wounded.
The ogre closely misses you.
The orc priest invokes the aid of Beogh against you.
Something smites you!
* * * LOW HITPOINT WARNING * * *
The orc priest miscasts a cantrip.
You see here a quarterstaff.
The ogre hits you with a giant club!!
Ouch! That really hurt!
You die...

#.# #>#
#.# #.#
#.# #.#
#.#####
#...@.#
#####O#
#.# #.#
#####
#.#
#.o.o
#.# #)#
#.# #.#
#o# #.#
#.# #.#


You could see an ogre and an orc priest.

Vanquished Creatures
  2 crimson imps
  A hound (D:2)
  2 giant frog skeletons (D:4)
  2 orc wizards (D:8)
  An iguana (D:4)
  2 worker ants
  6 adders
  3 oozes (D:2)
  2 worms (D:2)
  5 giant geckos
  4 orcs
  A ball python (D:2)
  5 bats
  4 giant cockroaches
  6 goblins
  8 hobgoblins
  14 jackals
  7 kobolds
  2 quokkas
  7 giant newts
  5 rats
  2 butterflies (D:1)
91 creatures vanquished.

Notes
Turn   | Place    | Note
--------------------------------------------------------------
     0 | D:1      | Eptagon the Deep Elf Conjurer began the quest for the Orb.
     0 | D:1      | Reached XP level 1. HP: 10/10 MP: 6/6
   181 | D:1      | Reached XP level 2. HP: 15/15 MP: 8/8
   191 | D:1      | Learned a level 2 spell: Searing Ray
   820 | D:2      | Found a stormy altar of Qazlal.
   846 | D:2      | Reached skill level 5 in Conjurations
   846 | D:2      | Reached XP level 3. HP: 12/19 MP: 4/10
  1498 | D:2      | Reached XP level 4. HP: 24/24 MP: 4/12
  1685 | D:2      | Found a burning altar of Makhleb.
  1755 | D:2      | Reached skill level 6 in Conjurations
  2041 | D:3      | Found a shadowy altar of Dithmenos.
  2110 | D:3      | Reached XP level 5. HP: 28/28 MP: 11/14
  2276 | D:3      | Found a glowing silver altar of Zin.
  2434 | D:3      | Reached skill level 5 in Spellcasting
  2518 | D:3      | Learned a level 4 spell: Iskenderun's Mystic Blast
  2524 | D:3      | Learned a level 5 spell: Iskenderun's Battlesphere
  2881 | D:4      | Noticed clown's ghost (experienced GrBe)
  3290 | D:4      | Reached XP level 6. HP: 32/32 MP: 10/16
  3315 | D:4      | Reached skill level 7 in Conjurations
  3422 | D:4      | Found a sacrificial altar of Ru.
  3422 | D:4      | Found a white marble altar of Elyvilon.
  3900 | D:5      | Entered Level 5 of the Dungeon
  4032 | D:5      | Noticed WhatIsLove's ghost (average HOGl)
  4045 | D:5      | You fall through a shaft for 3 floors!
  4186 | D:8      | Mangled by an ogre

Vault maps used:
D:1:      elethiomel_arrival_quiet, hangedman_glass_garden
D:2:      nicolae_qazlal_eye_of_the_storm, makhleb_heckhound_becter,
          first_bread, kennysheep_generic_room_10
D:3:      nicolae_dithmenos_through_a_glass_darkly,
          nicolae_overflow_crystal_walls
D:4:      gammafunk_temple_overflow_statue, kennysheep_boxes
D:5:      basic_altar
D:8:      serial_shops, shop

Action                   |  1- 3 |  4- 6 || total
-------------------------+-------+-------++-------
Melee: Dagger            |    20 |    47 ||    67
       Unarmed           |     1 |       ||     1
 Cast: Magic Dart        |    48 |    46 ||    94
       Searing Ray       |     7 |    23 ||    30
       Iskenderun's Myst |       |     7 ||     7
  Use: Scroll            |     1 |     3 ||     4
       Potion            |     1 |       ||     1
 Stab: Sleeping          |     5 |     3 ||     8
       Distracted        |       |     1 ||     1
  Eat: Chunk             |     2 |     8 ||    10
